 Dungeon Crawl Stone Soup version 0.29-a0-25-g7f48f510a0 (webtiles) character file.

Game seed: 4886539170464690741

2 Hubjo the Grasshopper (level 1, 0/16 HPs)
             Began as a Vampire Warper on Jan 31, 2022.
             Slain by a kobold (1 damage)
             ... on level 1 of the Dungeon.
             The game lasted 00:00:42 (55 turns).

Hubjo the Grasshopper (Vampire Warper)                Turns: 55, Time: 00:00:43

Health: 0/16       AC:  3    Str: 10    XL:     1   Next: 33%
Magic:  3/3        EV: 11    Int: 15    God:
Gold:   0          SH:  0    Dex: 13    Spells: 4/4 levels left

rFire   . . .      SeeInvis +   a - +0 short sword
rCold   . . .      Faith    .   (no shield)
rNeg    . . .      Spirit   .   b - +0 leather armour
rPois   .          Reflect  .   (no helmet)
rElec   .          Harm     .   (no cloak)
rCorr   .          Rampage  .   (no gloves)
Will    .....                   (no boots)
Stlth   +.........              (no amulet)
HPRegen 0.25/turn               (no ring)
MPRegen 0.08/turn               (no ring)

@: healing quickly
A: alive, fangs 3, see invisible, vampiric 1
a: Exsanguinate


You were on level 1 of the Dungeon.
You visited 1 branch of the dungeon, and saw 1 of its levels.

Inventory:

Hand Weapons
 a - a +0 short sword (weapon)
Armour
 b - a +0 leather armour (worn)
Scrolls
 c - a scroll of blinking
 e - a scroll of noise {unknown}


   Skills:
 + Level 1.9 Fighting
 + Level 2.1 Short Blades
 + Level 0.7 Throwing
 + Level 0.7 Armour
 + Level 2.1 Dodging
 + Level 2.1 Spellcasting
 + Level 2.4 Translocations


You had 4 spell levels left.
You didn't know any spells.
Your spell library contained the following spells:

 Spells                   Type           Power      Damage    Failure   Level
 Blink                    Tloc           16%        N/A       17%         2
 Gell's Gravitas          Tloc           8%         N/A       32%         3
 Lesser Beckoning         Tloc           8%         N/A       32%         3
 Teleport Other           Tloc           8%         N/A       32%         3
 Manifold Assault         Tloc           8%         N/A       97%         5


Dungeon Overview and Level Annotations

Branches:
Dungeon (1/15)

Altars:


Innate Abilities, Weirdness & Mutations

Your natural rate of healing is accelerated.
You have razor-sharp teeth.
You have supernaturally acute eyesight. (SInv)
You are afflicted with vampirism.


Message History

The kobold throws a stone.
The stone hits you.
* * * LOW HITPOINT WARNING * * *
Throw: 5 boomerangs (disperse)
Press: ? - help, Q - select action Shift-Dir - straight line, f - kobold
Aim: a kobold, wielding a +0 short sword and quivering stones (47% to hit)
You throw a boomerang of dispersal.
The boomerang of dispersal closely misses the kobold.
Throw: 4 boomerangs (disperse)
Press: ? - help, Q - select action Shift-Dir - straight line, f/p - kobold
Aim: a kobold, wielding a +0 short sword and quivering stones (47% to hit)
You throw a boomerang of dispersal.
The boomerang of dispersal closely misses the kobold.
The kobold hits you but does no damage.
Throw: 3 boomerangs (disperse)
Press: ? - help, Q - select action Shift-Dir - straight line, f/p - kobold
Aim: a kobold, wielding a +0 short sword and quivering stones (47% to hit)
You throw a boomerang of dispersal.
The boomerang of dispersal hits the kobold but does no damage.
The kobold barely misses you.
Throw: 2 boomerangs (disperse)
Press: ? - help, Q - select action Shift-Dir - straight line, f/p - kobold
Aim: a kobold, wielding a +0 short sword and quivering stones (47% to hit)
You throw a boomerang of dispersal.
The boomerang of dispersal hits the kobold but does no damage.
The kobold barely misses you.
Throw: boomerang (disperse)
Press: ? - help, Q - select action Shift-Dir - straight line, f/p - kobold
Aim: a kobold, wielding a +0 short sword and quivering stones (47% to hit)
You throw a boomerang of dispersal.
The boomerang of dispersal hits the kobold but does no damage.
The kobold misses you.
You barely miss the kobold.
The kobold hits you with a +0 short sword.
* * * LOW HITPOINT WARNING * * *
You closely miss the kobold. You bite the kobold, but do no damage.
The kobold hits you with a +0 short sword.
* * * LOW HITPOINT WARNING * * *
You closely miss the kobold.
The kobold hits you with a +0 short sword.
You die...

.. ##.. #.. ... ##.##
#...# #.# #K# .# #.
.##.###@### # #.# #..
........).#.# #.# #.#
###.###.#.#.####.##.#
. #.............#
#.###.######....####
###..................
......................
########..####''####.
#..###....##


You could see a kobold.

Vanquished Creatures
  A goblin (D:1)
  A quokka (D:1)
2 creatures vanquished.

Notes
Turn   | Place    | Note
-------+----------+-------------------------------------------
     0 | D:1      | Hubjo the Vampire Warper began the quest for the Orb.
     0 | D:1      | Reached XP level 1. HP: 16/16 MP: 3/3
    55 | D:1      | Slain by a kobold

Illustrated notes

Levels and vault maps discovered:
D:1:      dpeg_arrival_refuge, layout_loops_ring, minivault_19

Action                   || total
-------------------------++-------
Melee: Short sword       ||    19
       Bite              ||     1
Throw: Boomerang         ||     5
Armor: Leather armour    ||     6
Dodge: Dodged            ||    14

Table legend: (Time is in decaauts)
 A = Elapsed time spent in this place.
 B = Non-inter-level travel time spent in this place.
 C = Inter-level travel time spent in this place.
 D = Time resting spent in this place.
 E = Time spent auto-exploring this place.
 F = Levels seen in this place.
 G = Mean time per level.
                   A        B        C        D        E       F      G
               +--------+--------+--------+--------+--------+-----+--------+
         Total |     56 |     56 |      0 |      0 |     21 |   1 |   56.0 |
       Dungeon |     56 |     56 |      0 |      0 |     21 |   1 |   56.0 |
               +--------+--------+--------+--------+--------+-----+--------+

Top non-repeatable levels by time:
     D:1: 56 daAuts
